 Dungeon Crawl Stone Soup version 0.26-a0-667-g92642533e4 (console) character file.

Game seed: 282539464403833648

2641 om the Basher (level 9, -1/57 HPs)
             Began as a Gargoyle Monk on Oct 16, 2020.
             Was a Believer of Ashenzari.
             Killed by divine providence
             ... invoked by an orc priest
              (11 damage)
             ... on level 8 of the Dungeon.
             The game lasted 00:20:54 (9214 turns).

om the Basher (Gargoyle Monk)                       Turns: 9214, Time: 00:20:55

Health: -1/57      AC: 19    Str: 18    XL:     9   Next: 61%
Magic:  9/9        EV: 10    Int: 10    God:    Ashenzari [**....]
Gold:   434        SH:  7    Dex: 13    Spells: 8/8 levels left

rFire    . . .     SeeInvis .   f - +0 mace (protect)
rCold    . . .     Faith    .   x - +0 kite shield
rNeg     + . .     Spirit   .   c - +0 ring mail
rPois    ∞         Reflect  .   (no helmet)
rElec    +         Harm     .   (no cloak)
rCorr    .         Rampage  .   (no gloves)
MR       .....                  (no boots)
Stlth    ++........             (no amulet)
HPRegen  0.19/turn              e - ring of wizardry
MPRegen  0.11/turn              (no ring)

@: protection aura
A: negative energy resistance 1, electricity resistance, unbreathing,
petrification resistance, rot immunity, AC +6
a: Curse Item, Scrying, Renounce Religion


You were on level 8 of the Dungeon.
You worshipped Ashenzari.
Ashenzari was pleased with you.
You visited 2 branches of the dungeon, and saw 9 of its levels.

You collected 434 gold pieces.

Inventory:

Hand Weapons
 f - a +0 mace of protection (weapon)
Armour
 b - a +0 robe
 c - a +0 ring mail (worn)
 x - a +0 kite shield (worn)
Jewellery
 e - a ring of wizardry (left hand)
Wands
 g - a wand of acid (4)
 s - a wand of digging (6)
Scrolls
 a - a scroll of fear {unknown}
 d - 5 scrolls of remove curse
 h - a scroll of noise {unknown}
 j - 5 scrolls of teleportation
 k - a scroll of random uselessness {unknown}
 l - a scroll of enchant armour {unknown}
 r - 3 scrolls of blinking {unknown}
 t - a scroll of magic mapping {unknown}
 w - 2 scrolls of amnesia {unknown}
Potions
 i - 2 potions of stabbing
 m - a potion of curing {unknown}
 n - 2 potions of cancellation
 o - 2 potions of haste {unknown}
 p - a potion of magic {unknown}
 q - a potion of lignification
 u - a potion of berserk rage
 v - a potion of degeneration {unknown}


   Skills:
 - Level 7.0 Fighting
 + Level 9.1 Maces & Flails
 - Level 7.0 Armour
 - Level 4.0 Dodging
 - Level 3.0 Stealth


You had 8 spell levels left.
You didn't know any spells.
Your spell library was empty.

Dungeon Overview and Level Annotations

Branches:
Dungeon (8/15)             Temple (1/1) D:4
   Lair: D:8-11

Altars:
Ashenzari
Cheibriados
Elyvilon
Fedhas
Gozag
Hepliaklqana
Kikubaaqudgha
Makhleb
Nemelex Xobeh
Okawaru
Qazlal
Ru
Sif Muna
Trog
Uskayaw
Vehumet
Wu Jian
Xom
Yredelemnul
Zin
The Shining One

Shops:
D:5 =

Annotations:
D:3 Dowan, Duvessa


Innate Abilities, Weirdness & Mutations

You are resistant to torment.
Your stone body is resilient. (AC +6)
You are immune to poison.
You resist negative energy. (rN+)
You are resistant to electric shocks. (rElec)
You can survive without breathing.
You are immune to petrification.
You are immune to rotting.


Message History

Your shield prevents you from hitting the orc priest.
The orc priest is moderately wounded.
The orc priest calls down the wrath of Beogh upon you.
You are unaffected.
You block the gnoll's attack. The orc priest barely misses you.
You barely miss the orc priest.
The orc priest is moderately wounded.
You block the gnoll's attack.
The orc priest hits you but does no damage.
You hit the orc priest.
The orc priest is heavily wounded.
The gnoll hits you but does no damage.
You hit the orc priest.
The orc priest is severely wounded.
The orc priest calls down the wrath of Beogh upon you.
Beogh smites you!
* * * LOW HITPOINT WARNING * * *
The gnoll hits you but does no damage.
The orc priest calls down the wrath of Beogh upon you.
Beogh smites you!
You die...

#####...# *
#.......>
#........ *
#......# **
#ogg{..# ,, ' ,
#ooo§..# ,,** #g#*
* * #o# ** *###
#@########## #..
#..........# #..
##########.#####..
#..).).).
######.## #.#
##'## #.... #....


You could see an orc priest, an orc wizard, 2 gnolls and 2 orcs.

Vanquished Creatures
  A wyvern (D:8)
  A water moccasin (D:6)
  2 sky beasts (D:7)
  A phantom (D:7)
  2 ice beasts (D:6)
  2 black bears (D:7)
  A necrophage (D:8)
  An ogre (D:6)
  5 bullfrogs
  A water moccasin zombie (D:5)
  A scorpion (D:5)
  9 wights
  A bullfrog zombie (D:5)
  4 hounds
  A centaur skeleton (D:5)
  2 orc priests
  2 bullfrog skeletons
  7 worker ants
  Ijyb (D:5)
  A hound zombie (D:5)
  A hound skeleton (D:6)
  10 adders
  6 gnolls
  A howler monkey skeleton (D:4)
  2 white imps
  An ufetubus (D:7)
  2 adder zombies (D:5)
  3 worms
  2 dart slugs (D:1)
  5 leopard geckos
  11 orcs
  5 bats
  4 giant cockroaches
  8 goblins
  7 hobgoblins
  4 jackals
  2 quokkas
  A ball python (D:1)
  2 frilled lizards (D:5)
  A giant cockroach zombie (D:6)
  11 kobolds
  A quokka skeleton (D:5)
  A quokka zombie (D:5)
  7 rats
144 creatures vanquished.

Vanquished Creatures (others)
  4 plants (D:5)
4 creatures vanquished.

Grand Total: 148 creatures vanquished

Notes
Turn   | Place    | Note
-------+----------+-------------------------------------------
     0 | D:1      | om the Gargoyle Monk began the quest for the Orb.
     0 | D:1      | Reached XP level 1. HP: 14/14 MP: 1/1
    68 | D:1      | Reached XP level 2. HP: 5/19 MP: 2/2
   875 | D:1      | Reached XP level 3. HP: 23/23 MP: 3/3
  1409 | D:2      | Found a stormy altar of Qazlal.
  1538 | D:2      | Reached XP level 4. HP: 29/29 MP: 4/4
  2085 | D:3      | Reached skill level 4 in Maces & Flails
  2676 | D:4      | Reached XP level 5. HP: 27/33 MP: 5/5
  2994 | D:4      | Noticed Duvessa
  2994 | D:4      | Noticed Dowan
  3496 | D:4      | Found a sparkling altar of Nemelex Xobeh.
  3501 | D:4      | Found a staircase to the Ecumenical Temple.
  3552 | Temple   | Entered the Ecumenical Temple
  3758 | Temple   | Became a worshipper of Ashenzari the Shackled
  3758 | Temple   | Reached * piety under Ashenzari
  3758 | Temple   | Reached ** piety under Ashenzari
  3934 | D:5      | Entered Level 5 of the Dungeon
  3937 | D:5      | Noticed Ijyb
  3961 | D:5      | Killed Ijyb
  3961 | D:5      | Reached skill level 5 in Maces & Flails
  4005 | D:4      | Reached XP level 6. HP: 22/38 MP: 6/6
  5174 | D:5      | Found a blossoming altar of Fedhas.
  5242 | D:5      | Reached skill level 6 in Maces & Flails
  5242 | D:5      | Reached XP level 7. HP: 32/43 MP: 7/7
  5322 | D:5      | Found Kuuledin's Jewellery Emporium.
  5556 | D:5      | Found an ornate altar of the Wu Jian Council.
  5556 | D:5      | Found a sacrificial altar of Ru.
  5891 | D:6      | Reached skill level 7 in Maces & Flails
  5891 | D:6      | Reached skill level 1 in Armour
  6190 | D:6      | Reached XP level 8. HP: 23/48 MP: 8/8
  6649 | D:6      | Reached skill level 8 in Maces & Flails
  6964 | D:6      | Reached skill level 5 in Armour
  7571 | D:7      | Reached XP level 9. HP: 43/53 MP: 9/9
  7635 | D:7      | Reached skill level 5 in Fighting
  8003 | D:7      | Found an iron altar of Okawaru.
  8004 | D:7      | Found a white marble altar of Elyvilon.
  8005 | D:7      | Found a hazy altar of Hepliaklqana.
  8006 | D:7      | Found an ancient bone altar of Kikubaaqudgha.
  8375 | D:8      | HP: 1/56 [bullfrog (3)]
  9071 | D:8      | Reached skill level 9 in Maces & Flails
  9214 | D:8      | Killed from afar by an orc priest

Illustrated notes

Levels and vault maps discovered:
D:1:      dpeg_arrival_three_same_balls, layout_basic
D:2:      layout_basic, lemuel_doored_altar
D:3:      layout_rooms
D:4:      layout_basic, kennysheep_mini, temple_statues, uniq_duvessa
D:5:      minmay_evil_eye, layout_rooms, gammafunk_temple_overflow_statue,
          serial_shops, shop, minmay_misc_feat_plants, eino_curves_01,
          fedhas_ov_isle_minmay, uniq_ijyb
D:6:      layout_gridville, hex_tiny
D:7:      layout_rooms, chequers_temple_overflow_statue_of_worship,
          kennysheep_generic_room_3
D:8:      layout_basic, basic_altar
Temple:   nicolae_temple_figure_eight

Skill      XL: |  1  2  3  4  5  6  7  8  9 |
---------------+----------------------------+-----
Stealth        | 3 |  3.0
Maces & Flails | 4 5 6 7 8 9 |  9.1
Fighting       | 4 7 |  7.0
Dodging        | 3 4 |  4.0
Armour         | 3 7 |  7.0

Action                   |  1- 3 |  4- 6 |  7- 9 || total
-------------------------+-------+-------+-------++-------
Melee: Mace              |    29 |    35 |   422 ||   486
       Whip              |    78 |   318 |       ||   396
Evoke: Wand              |       |       |     6 ||     6
  Use: Scroll            |       |     4 |     1 ||     5
       Potion            |       |     2 |     2 ||     4
 Stab: Sleeping          |     5 |     4 |     1 ||    10
Armor: Robe              |    27 |   115 |    18 ||   160
       Ring mail         |       |       |   209 ||   209
       Skin              |       |       |     5 ||     5
Dodge: Dodged            |    71 |   223 |   262 ||   556
Block: Kite shield       |       |       |    43 ||    43

Table legend: (Time is in decaauts)
 A = Elapsed time spent in this place.
 B = Non-inter-level travel time spent in this place.
 C = Inter-level travel time spent in this place.
 D = Time resting spent in this place.
 E = Time spent auto-exploring this place.
 F = Levels seen in this place.
 G = Mean time per level.
                   A        B        C        D        E       F      G
               +--------+--------+--------+--------+--------+-----+--------+
         Total |   9205 |   8901 |    304 |   2734 |   4396 |   9 | 1022.8 |
       Dungeon |   8989 |   8712 |    277 |   2734 |   4208 |   8 | 1123.6 |
        Temple |    215 |    189 |     26 |      0 |    188 |   1 |  215.0 |
               +--------+--------+--------+--------+--------+-----+--------+

Top non-repeatable levels by time:
     D:6: 1423 daAuts
     D:4: 1421 daAuts
     D:5: 1340 daAuts
     D:1: 1333 daAuts
     D:8: 1043 daAuts
     D:7: 975 daAuts
     D:2: 739 daAuts
     D:3: 712 daAuts
  Temple: 215 daAuts
